 Dungeon Crawl Stone Soup version 0.28-a0-586-gbdb9d174a4 (webtiles) character file.

Game seed: 4857342404395545428

51 KristoblXynda the Slasher (level 3, -2/30 HPs)
             Began as a Draconian Gladiator on Oct 3, 2021.
             Slain by an adder (4 damage)
             ... on level 2 of the Dungeon.
             The game lasted 00:01:08 (1655 turns).

KristoblXynda the Slasher (Draconian Gladiator)     Turns: 1655, Time: 00:01:08

Health: -2/30      AC:  5    Str: 16    XL:     3   Next: 57%
Magic:  3/3        EV: 12    Int:  9    God:
Gold:   40         SH:  0    Dex: 12    Spells: 2/2 levels left

rFire   . . .      SeeInvis .   a - +0 long sword
rCold   . . .      Faith    .   (no shield)
rNeg    . . .      Spirit   .   (armour unavailable)
rPois   .          Reflect  .   b - +0 hat
rElec   .          Harm     .   (no cloak)
rCorr   .          Rampage  .   (no gloves)
Will    .....                   (no boots)
Stlth   +.........              (no amulet)
HPRegen 0.10/turn               (no ring)
MPRegen 0.08/turn               (no ring)

@: brilliant, lethally poisoned (-2 -> -7)
A: AC +5, unfitting armour, cold-blooded
a: no special abilities


You were on level 2 of the Dungeon.
You visited 1 branch of the dungeon, and saw 2 of its levels.

You collected 40 gold pieces.

Inventory:

Hand Weapons
 a - a +0 long sword (weapon)
Missiles
 c - 3 throwing nets (quivered)
Armour
 b - a +0 hat (worn)
Scrolls
 d - a scroll of teleportation {unknown}
 h - a scroll of identify {unknown}
Potions
 f - 2 potions of brilliance
 g - a potion of haste {unknown}


   Skills:
 + Level 2.8 Fighting
 * Level 3.7 Long Blades
 - Level 2.0 Throwing
 + Level 3.1 Dodging


You had 2 spell levels left.
You didn't know any spells.
Your spell library was empty.

Dungeon Overview and Level Annotations

Branches:
Dungeon (2/15)

Altars:


Innate Abilities, Weirdness & Mutations

Your plain brown scales are hard. (AC +5)
You cannot fit into any form of body armour.
You are cold-blooded and may be slowed by cold attacks.


Message History

You barely miss the jackal. The jackal closely misses you. x2
You slash the jackal!
You kill the jackal!
The adder bites you.
You are poisoned.
The adder poisons you!
You hit the adder.
You tail-slap the adder, but do no damage.
The adder is heavily wounded.
You feel sick. The adder bites you.
* * * LOW HITPOINT WARNING * * *
You are lethally poisoned!
The adder poisons you!
Unknown command.
You feel better. The adder barely misses you.
The frilled lizard unfolds its giant frill.
The adder bites you.
You are poisoned.
The adder poisons you!
You closely miss the adder.
The adder is heavily wounded.
You feel sick. The adder bites you.
You are lethally poisoned!
The adder poisons you!
You closely miss the adder.
The adder is heavily wounded.
* * * LOW HITPOINT WARNING * * *
You feel sick. The adder closely misses you. The adder barely misses you.
You hit the adder. You tail-slap the adder.
The adder is almost dead.
* * * LOW HITPOINT WARNING * * *
You feel very sick. The adder bites you.
* * * LOW HITPOINT WARNING * * *
Unknown command.
It was a potion of brilliance.
You feel clever all of a sudden.
* * * LOW HITPOINT WARNING * * *
You feel sick. The adder bites you.
You die...

##..............†..#
#.....##........#
#..†........†...#
#..........)....##
#.......(........## #
...................##.###..
......###.....##lh........#
####......)...##S#...?.....
##.###...#..#@####h.....
#.# ##.......†.# ...... #.
...#..............
.#..$#.........# #..#
#........# ... .........
.... #...## .#.#. ...#


You could see an adder, a jackal and a frilled lizard.

Vanquished Creatures
  An adder (D:2)
  2 ball pythons (D:1)
  4 endoplasms
  5 giant cockroaches
  2 goblins (D:2)
  3 hobgoblins
  3 jackals (D:2)
  2 quokkas
  2 bats
  8 frilled lizards
  2 kobolds (D:1)
  5 rats
39 creatures vanquished.

Notes
Turn   | Place    | Note
-------+----------+-------------------------------------------
     0 | D:1      | KristoblXynda the Draconian Gladiator began the quest for
                  | the Orb.
     0 | D:1      | Reached XP level 1. HP: 17/17 MP: 1/1
   178 | D:1      | Reached XP level 2. HP: 24/25 MP: 2/2
   455 | D:1      | Found a faded altar of an unknown god.
  1283 | D:2      | Reached XP level 3. HP: 16/30 MP: 3/3
  1655 | D:2      | Slain by an adder

Illustrated notes

Levels and vault maps discovered:
D:1:      co_arrival_square_in_a_square_in_a_square, layout_basic,
          hellmonk_ecumenical_altar_crossroads
D:2:      layout_rooms, serial_shops, shop

Skill      XL: |  1  2 |
---------------+-------+-----
Throwing       | 2 |  2.0
Dodging        | 3 |  3.1
Fighting       | |  2.8
Long Blades    | |  3.7

Action                   || total
-------------------------++-------
Melee: Long sword        ||   104
       Tailslap          ||    13
  Use: Potion            ||     3
 Stab: Sleeping          ||     3
Armor: Skin              ||    40
Dodge: Dodged            ||    88

Table legend: (Time is in decaauts)
 A = Elapsed time spent in this place.
 B = Non-inter-level travel time spent in this place.
 C = Inter-level travel time spent in this place.
 D = Time resting spent in this place.
 E = Time spent auto-exploring this place.
 F = Levels seen in this place.
 G = Mean time per level.
                   A        B        C        D        E       F      G
               +--------+--------+--------+--------+--------+-----+--------+
         Total |   1680 |   1662 |     18 |    454 |    955 |   2 |  840.0 |
       Dungeon |   1680 |   1662 |     18 |    454 |    955 |   2 |  840.0 |
               +--------+--------+--------+--------+--------+-----+--------+

Top non-repeatable levels by time:
     D:1: 1274 daAuts
     D:2: 405 daAuts
